 Dungeon Crawl Stone Soup version 0.24-a0-462-ge24419a6ad (webtiles) character file.

Game seed: 1250626183378839525

45415 Murumi the Blocker (level 14, -2/113 HPs)
             Began as a Formicid Fighter on July 2, 2019.
             Was a High Priest of Okawaru.
             Engulfed by a fire crab's flame (15 damage)
             ... on level 4 of the Lair of Beasts.
             The game lasted 01:29:30 (21348 turns).

Murumi the Blocker (Formicid Fighter)              Turns: 21348, Time: 01:29:30

Health: -2/113     AC: 25    Str: 26    XL:     14   Next: 71%
Magic:  20/20      EV:  9    Int: 16    God:    Okawaru [*****.]
Gold:   996        SH:  0    Dex: 10    Spells: 13/13 levels left

rFire    . . .     SeeInvis +   a - +2 great sword
rCold    . . .     Gourm    .   c - +1 shield
rNeg     + . .     Faith    .   J - +2 plate armour {rN+}
rPois    .         Spirit   .   (helmet unavailable)
rElec    .         Reflect  +   Q - +0 cloak of Gemugh {Str+2 Int+6}
rCorr    .         Harm     .   i - +2 pair of gloves
MR       ++...                  K - +2 pair of boots {Fly}
Stlth    ..........             H - +2 amulet of reflection
HPRegen  0.28/turn              y - ring of protection from magic
MPRegen  0.17/turn              (no ring)

@: confused, flying
A: permanent stasis, dig shafts and tunnels, four strong arms, antennae 3
a: Dig, Shaft Self, Heroism, Finesse, Renounce Religion, Stop Flying


You were on level 4 of the Lair of Beasts.
You worshipped Okawaru.
Okawaru was extremely pleased with you.
You were hungry.

You visited 3 branches of the dungeon, and saw 15 of its levels.
You also visited: Volcano.

You collected 1296 gold pieces.
You spent 300 gold pieces at shops.

Inventory:

Hand Weapons
 a - a +2 great sword (weapon)
 f - a +4 arbalest
 N - a +6 scimitar of flaming
Missiles
 g - 6 javelins (quivered)
 q - 127 bolts
 s - 61 poisoned darts
Armour
 c - a +1 shield (worn)
 i - a +2 pair of gloves (worn)
 J - a +2 plate armour of positive energy (worn)
 K - a +2 pair of boots of flying (worn)
 Q - the +0 cloak of Gemugh (worn) {Str+2 Int+6}
   (Okawaru gifted it to you on level 4 of the Lair of Beasts)

   It affects your strength (+2).
   It affects your intelligence (+6).
Jewellery
 y - a ring of protection from magic (left hand)
 C - an uncursed ring of wizardry
 G - an uncursed amulet of guardian spirit
 H - a +2 amulet of reflection (around neck)
 P - an uncursed ring of magical power
Wands
 l - a wand of disintegration (15)
 r - a wand of flame (4)
 u - a wand of clouds (4)
 v - a wand of random effects (35)
 D - a wand of iceblast (19)
 F - a wand of enslavement (6)
 I - a wand of paralysis (8)
 M - a wand of digging (6)
Scrolls
 d - 3 scrolls of amnesia
 x - 2 scrolls of magic mapping
 z - 2 scrolls of fear
 B - 5 scrolls of enchant armour
Potions
 b - 4 potions of might
 e - 5 potions of brilliance
 h - a potion of cancellation
 j - a potion of resistance {unknown}
 m - 2 potions of magic
 n - 7 potions of curing
 o - 3 potions of mutation
 p - a potion of berserk rage {unknown}
 t - 3 potions of flight
 w - 2 potions of ambrosia
 E - a potion of agility {unknown}
Miscellaneous
 L - a fan of gales
Comestibles
 k - 26 rations


   Skills:
 - Level 11.2 Fighting
 - Level 10.0 Long Blades
 - Level 10.0 Crossbows
 - Level 11.0 Armour
 - Level 5.0 Dodging
 + Level 12.9 Shields
 - Level 8.0 Invocations
 - Level 7.2 Evocations


You had 13 spell levels left.
You didn't know any spells.
Your spell library contained the following spells:

 Spells                   Type           Power        Failure   Level  Hunger
 Flame Tongue             Conj/Fire      #....        92%         1    ##.....
 Freeze                   Ice            #...         92%         1    ##.....
 Sting                    Conj/Pois      #...         92%         1    ##.....
 Poisonous Vapours        Pois/Air       #.....       98%         2    ###....
 Throw Flame              Conj/Fire      #.....       98%         2    ###....
 Throw Frost              Conj/Ice       #.....       98%         2    ###....
 Conjure Flame            Conj/Fire      #.......     100%        3    ####...
 Inner Flame              Hex/Fire       #.......     100%        3    ####...
 Mephitic Cloud           Conj/Pois/Air  #.......     100%        3    ####...
 Ozocubu's Armour         Chrm/Ice       #.......     100%        3    ####...
 Olgreb's Toxic Radiance  Pois           #.......     100%        4    #####..
 Sticky Flame             Conj/Fire      #.......     100%        4    #####..
 Summon Ice Beast         Ice/Summ       #.......     100%        4    #####..
 Throw Icicle             Conj/Ice       #.......     100%        4    #####..
 Alistair's Intoxication  Tmut/Pois      #.......     100%        5    ######.
 Fireball                 Conj/Fire      #.........   100%        5    ######.
 Venom Bolt               Conj/Pois      #.........   100%        5    ######.
 Freezing Cloud           Conj/Ice/Air   #.........   100%        6    #######
 Ring of Flames           Chrm/Fire      #.........   100%        7    #######


Dungeon Overview and Level Annotations

Branches:
Dungeon (10/15)            Temple (1/1) D:6            Lair (4/6) D:9
  Swamp (0/4) Lair:3        Snake (0/4) Lair:2          Orc (0/2) D:9

Altars:
Ashenzari
Cheibriados
Dithmenos
Elyvilon
Fedhas
Gozag
Hepliaklqana
Kikubaaqudgha
Makhleb
Nemelex Xobeh
Okawaru
Qazlal
Ru
Sif Muna
Trog
Uskayaw
Vehumet
Wu Jian
Xom
Yredelemnul
Zin
The Shining One

Shops:
D:4 (   D:5 }

Annotations:
Lair:4 , 1 transporter, Oppylety's ghost, journeyman GrFi


Innate Abilities, Weirdness & Mutations

You cannot be hasted, slowed, berserked, paralysed or teleported.
You can dig through walls and to a lower floor.
Your four strong arms can wield two-handed weapons with a shield.
You have a pair of large antennae on your head. (SInv)


Message History

The blast of flame engulfs the fire crab but does no damage.
You slash the fire crab!
You kill the fire crab!
Okawaru accepts your kill.
You are engulfed in blazing flames.
The fire crab breathes flames at you.
The blast of flame engulfs you but does no damage.
You are engulfed in blazing flames.
The fire crab bites you but does no damage.
You block the fire crab's attack.
You hit the fire crab but do no damage.
You are engulfed in blazing flames.
The fire crab bites you.
You are engulfed in flames!
* * * LOW HITPOINT WARNING * * *
The fire crab claws you.
* * * LOW HITPOINT WARNING * * *
You are engulfed in flames!
* * * LOW HITPOINT WARNING * * *
You are confused.
You feel invigorated.
You are engulfed in blazing flames.
You die...

##.................# ##...####.
#.................#### #....# ##.
P....#.............#.# #...P###..
##................#.## ##...P###.
#.............<...### #....## #.
##................# ##....# #.
##.............###########...###.
#..............#.÷.......#...##..
#P............^#@#######.#..###..
#..............#t#{ #.#..####.
#.........<....#.# #.#..#.#..
##...#....."...#÷# #.#...#.#.
.÷÷............#.# { #.#...###.
##..÷..........#.#{ #.#..P###.
#...#.........#.# {#.#...##..
##.............#.# #.#...P##.
#....#=........# { #.#...###.


You could see a fire crab.

Vanquished Creatures
  Kirke (Lair:4)
  2 minotaurs
  The ghost of Ylumio the Fighter, a journeyman GrFi of Okawaru (Lair:3)
  Josephine (Lair:4)
  Fannar (Lair:2)
  2 hydras
  Erica (D:9)
  5 death yaks (Lair:4)
  The ghost of Zero the Thaumaturge, a novice GnWz of Ashenzari (Lair:1)
  Urug (Lair:1)
  4 fire crabs (Lair:4)
  A hell knight (Volcano)
  A salamander mystic (Volcano)
  An orange crystal statue (Lair:1)
  Pikel (D:7)
  4 salamanders (Volcano)
  5 black mambas
  A torpor snail (Lair:4)
  An ice statue (Lair:4)
  A centaur skeleton (D:10)
  A rime drake (Lair:3)
  6 spiny frogs
  3 komodo dragons
  A freezing wraith (Lair:4)
  3 polar bears (Lair:4)
  2 tyrant leeches (Lair:3)
  Grinder (D:6)
  A merfolk (D:10)
  18 blink frogs
  5 dream sheep
  4 hippogriffs
  29 yaks
  2 wyverns (Lair:4)
  Sigmund (D:6)
  4 wraiths (Lair:4)
  2 basilisks (Lair:1)
  2 hogs (Lair:4)
  2 hungry ghosts
  A steam dragon (D:8)
  Menkaure (D:4)
  Duvessa (D:4)
  14 water moccasins
  6 porcupines
  8 orc warriors
  2 black bears
  A slave (D:7)
  2 sky beasts (D:10)
  9 ice beasts (Lair:4)
  3 phantoms
  5 ogres
  A necrophage (D:9)
  3 centaurs
  2 wolves
  7 crocodiles
  8 bullfrogs
  Dowan (D:4)
  6 scorpions
  4 killer bees
  11 wights
  3 electric eels
  2 vampire bats (Lair:3)
  A bullfrog zombie (D:10)
  2 crimson imps
  6 jellies
  A quasit (D:10)
  A bullfrog skeleton (D:9)
  2 hounds
  Crazy Yiuf (D:3)
  8 orc priests
  8 iguanas
  Ijyb (D:4)
  19 orc wizards
  2 worker ants
  A hound skeleton (D:8)
  Robin (D:3)
  2 howler monkey skeletons (D:9)
  7 gnolls
  16 adders
  A white imp (Lair:4)
  An adder zombie (D:8)
  A worm (D:3)
  2 dart slugs (D:2)
  6 leopard geckos
  41 orcs
  A ball python (D:7)
  5 giant cockroaches
  10 hobgoblins
  11 jackals
  6 kobolds
  6 quokkas
  15 bats
  6 frilled lizards
  14 goblins
  A jackal skeleton (D:6)
  2 leopard gecko zombies
  2 quokka zombies
  3 rats
437 creatures vanquished.

Vanquished Creatures (collateral kills)
  An entropy weaver (Lair:4)
  An orc warrior (D:6)
  An orc (D:6)
3 creatures vanquished.

Vanquished Creatures (others)
  3 humans (Lair:4)
  A bullfrog (D:7)
  A scorpion (D:7)
  A hound (D:7)
  A worker ant (D:7)
  An orc (D:7)
  6 fungi
  3 plants
  3 toadstools (D:5)
20 creatures vanquished.

Grand Total: 460 creatures vanquished

Notes
Turn   | Place    | Note
-------+----------+-------------------------------------------
     0 | D:1      | Murumi the Formicid Fighter began the quest for the Orb.
     0 | D:1      | Reached XP level 1. HP: 18/18 MP: 1/1
    61 | D:1      | Reached skill level 1 in Dodging
   105 | D:1      | Reached XP level 2. HP: 23/24 MP: 2/2
   124 | D:1      | Reached skill level 4 in Shields
   456 | D:1      | Reached XP level 3. HP: 29/29 MP: 3/3
  1217 | D:2      | Reached XP level 4. HP: 34/37 MP: 4/4
  1598 | D:3      | Noticed Robin
  1670 | D:3      | Killed Robin
  1670 | D:3      | Reached XP level 5. HP: 35/42 MP: 5/5
  1855 | D:3      | Reached skill level 1 in Evocations
  2377 | D:3      | Found a runed translucent door.
  2378 | D:3      | Noticed Crazy Yiuf
  2528 | D:3      | Killed Crazy Yiuf
  2528 | D:3      | Reached skill level 5 in Shields
  2809 | D:3      | Reached XP level 6. HP: 32/48 MP: 5/7
  2953 | D:4      | Noticed Dowan
  2953 | D:4      | Noticed Duvessa
  2981 | D:4      | Killed Duvessa
  2986 | D:4      | Killed Dowan
  2986 | D:4      | Reached XP level 7. HP: 22/55 MP: 8/8
  3192 | D:4      | Found Muope's Weapon Shop.
  3278 | D:4      | Noticed Menkaure
  3284 | D:4      | Killed Menkaure
  3284 | D:4      | Reached skill level 5 in Fighting
  3343 | D:4      | Noticed Ijyb
  3354 | D:4      | Killed Ijyb
  3609 | D:4      | Found a sparkling altar of Nemelex Xobeh.
  3696 | D:5      | Entered Level 5 of the Dungeon
  3841 | D:5      | Reached skill level 5 in Armour
  3841 | D:5      | Reached XP level 8. HP: 43/64 MP: 9/9
  3988 | D:5      | Reached skill level 6 in Shields
  4606 | D:5      | Found Weczi's Gadget Emporium.
  4613 | D:5      | Bought a sack of spiders for 300 gold pieces
  4827 | D:5      | Found a hazy altar of Hepliaklqana.
  4828 | D:5      | Found a shimmering altar of Xom.
  4829 | D:5      | Noticed a spectral ugly thing
  4932 | D:6      | Found an ornate altar of the Wu Jian Council.
  5382 | D:6      | Found a radiant altar of Vehumet.
  5442 | D:6      | Reached skill level 7 in Shields
  5532 | D:6      | Noticed Sigmund
  5542 | D:6      | Killed Sigmund
  5542 | D:6      | Reached skill level 5 in Long Blades
  5542 | D:6      | Reached XP level 9. HP: 63/69 MP: 10/10
  5701 | D:6      | Found a staircase to the Ecumenical Temple.
  5710 | Temple   | Entered the Ecumenical Temple
  5725 | Temple   | Became a worshipper of Warmaster Okawaru
  6102 | D:6      | Reached skill level 8 in Shields
  6146 | D:6      | Found a white marble altar of Elyvilon.
  6169 | D:6      | Noticed Grinder
  6178 | D:6      | Killed Grinder
  6317 | D:6      | Reached * piety under Okawaru
  7002 | D:7      | Noticed Pikel
  7030 | D:7      | Killed Pikel
  7030 | D:7      | Reached skill level 5 in Invocations
  7030 | D:7      | Reached XP level 10. HP: 48/79 MP: 12/14
  7387 | D:7      | Found an opulent altar of Gozag.
  7388 | D:7      | Found a sparkling altar of Nemelex Xobeh.
  8729 | D:8      | Reached ** piety under Okawaru
  9098 | D:8      | Reached skill level 9 in Shields
  9807 | D:9      | Reached skill level 10 in Shields
  9981 | D:9      | Reached *** piety under Okawaru
 10225 | D:9      | Reached XP level 11. HP: 77/87 MP: 12/15
 10668 | D:9      | Noticed Erica
 10690 | D:9      | Killed Erica
 10690 | D:9      | Reached **** piety under Okawaru
 11006 | D:9      | Found a staircase to the Lair.
 11164 | D:9      | Found a staircase to the Orcish Mines.
 11291 | D:10     | Entered Level 10 of the Dungeon
 12544 | Lair:1   | Entered Level 1 of the Lair of Beasts
 12630 | Lair:1   | Reached skill level 5 in Evocations
 12657 | Lair:1   | Reached ***** piety under Okawaru
 12974 | Lair:1   | Received a gift from Okawaru
 12984 | Lair:1   | Got an ancient cloak {god gift}
 12995 | Lair:1   | Identified the +2 cloak of Eternal Night {Int+4} (Okawaru
                  | gifted it to you on level 1 of the Lair of Beasts)
 13130 | Lair:1   | Reached XP level 12. HP: 75/95 MP: 16/16
 13420 | Lair:1   | Noticed a six-headed hydra
 13435 | Lair:1   | Killed a six-headed hydra
 13633 | Lair:1   | Found a runed translucent gate.
 13641 | Lair:1   | Found a runed translucent gate.
 13641 | Lair:1   | Found a runed translucent gate.
 13645 | Lair:1   | Noticed a minotaur
 13649 | Lair:1   | Noticed Zero's ghost (novice GnWz)
 13681 | Lair:1   | Noticed Urug
 13697 | Lair:1   | Killed Urug
 13697 | Lair:1   | Reached skill level 10 in Fighting
 13956 | Lair:1   | Reached skill level 10 in Armour
 15031 | Lair:2   | Found a staircase to the Snake Pit.
 15072 | Lair:2   | Reached skill level 11 in Shields
 15379 | Lair:2   | Noticed Fannar
 15396 | Lair:2   | Killed Fannar
 16275 | Lair:3   | Found a dark tunnel.
 16286 | Volcano  | Entered a volcano
 16312 | Volcano  | Reached skill level 1 in Crossbows
 16346 | Volcano  | Noticed a hell knight
 16355 | Volcano  | Killed a hell knight
 16410 | Volcano  | Noticed a salamander mystic
 16429 | Volcano  | Killed a salamander mystic
 16429 | Volcano  | Received a gift from Okawaru
 16429 | Volcano  | Reached XP level 13. HP: 81/104 MP: 16/18
 16565 | Lair:3   | Reached skill level 5 in Crossbows
 16783 | Lair:3   | Found a runed translucent gate.
 16783 | Lair:3   | Found a runed translucent gate.
 16785 | Lair:3   | Found a runed translucent gate.
 16785 | Lair:3   | Noticed a minotaur
 16792 | Lair:3   | Noticed Ylumio's ghost (journeyman GrFi)
 16794 | Lair:3   | You fall into a shaft and drop 1 floor!
 16959 | Lair:3   | Noticed a four-headed hydra
 16971 | Lair:3   | Killed a one-headed hydra
 17584 | Lair:3   | Found a staircase to the Swamp.
 17879 | Lair:1   | Received a gift from Okawaru
 17896 | Lair:1   | Killed Zero's ghost
 17910 | Lair:1   | Killed a minotaur
 18467 | Lair:1   | Identified Sif Muna's Catalogue of Cankerous Heat
 18589 | Lair:3   | Killed Ylumio's ghost
 18589 | Lair:3   | Received a gift from Okawaru
 18589 | Lair:3   | Reached skill level 12 in Shields
 18608 | Lair:3   | Killed a minotaur
 19087 | Lair:4   | Received a gift from Okawaru
 19088 | Lair:4   | Got a shimmering cloak {god gift}
 19122 | Lair:4   | Identified the +0 cloak of Gemugh {Str+2 Int+6} (Okawaru
                  | gifted it to you on level 4 of the Lair of Beasts)
 19190 | Lair:4   | Found a runed translucent door.
 19195 | Lair:4   | Noticed Kirke
 19233 | Lair:4   | Killed Kirke
 19233 | Lair:4   | Reached XP level 14. HP: 103/113 MP: 19/19
 19391 | Lair:4   | Reached skill level 10 in Long Blades
 19798 | Lair:4   | Reached skill level 10 in Crossbows
 20104 | Lair:4   | Noticed Josephine
 20170 | Lair:4   | Found a transporter.
 20221 | Lair:4   | Killed Josephine
 20272 | Lair:4   | Identified the +5 ring mail "Itowoyj" {Str+2}
 20275 | Lair:4   | Noticed Oppylety's ghost (journeyman GrFi)
 20445 | Lair:4   | Reached skill level 5 in Dodging
 20786 | Lair:4   | Noticed an entropy weaver
 20813 | Lair:4   | Killed an entropy weaver
 20813 | Lair:4   | Received a gift from Okawaru
 21348 | Lair:4   | Engulfed by a fire crab's flame

Levels and vault maps discovered:
D:1:      tarquinn_simple_flora_water_c, layout_loops_ring
D:2:      layout_rooms
D:3:      layout_basic, uniq_robin, uniq_crazy_yiuf_cottage
D:4:      layout_gridville, first_ration, serial_shops,
          nicolae_shop_temple_entry_statues_fountains,
          nemelex_diamond_rough_becter, uniq_ijyb, uniq_duvessa, uniq_menkaure
D:5:      layout_cave_pools, regret_index_temple_of_mockery, serial_shops,
          shop_coins, nrook_mini_vaults, minmay_gold_behind_fungi
D:6:      layout_layer_cave, lemuel_round_altar, nicolae_overflow_hidden_temple,
          minmay_temple_entry_statues_fountains, uniq_sigmund, uniq_grinder
D:7:      layout_basic, grunt_temple_overflow_opulence, uniq_pikel
D:8:      layout_loops_ring
D:9:      layout_loops_ring, grunt_lair_entry_orc_guard_hut, david_orc_4,
          uniq_erica
D:10:     layout_roguey, hangedman_stone_soup
Temple:   eino_wide_crystal_templ
Lair:1:   statuecave_lemuel, layout_regular_city,
          maelrawn_ghost_gauntlet_escape, uniq_urug
Lair:2:   layout_chaotic_city, minmay_snake_entry_six_corridors,
          grunt_megastairs_3, serial_bayou_shore_a, uniq_fannar
Lair:3:   layout_chaotic_city, minmay_swamp_entry_worms,
          maelrawn_ghost_gauntlet_escape, nicolae_volcano_entry_two_sided,
          roderic_batcave, guppyfry_lair_drakes, grunt_megastairs_4
Lair:4:   gammafunk_mikee_crab_dinner, layout_long_grid, gammafunk_ghost_hive,
          ice2_lemuel, uniq_josephine, uniq_kirke

Skill      XL: |  1  2  3  4  5  6  7  8  9 10 11 12 13 14 |
---------------+-------------------------------------------+-----
Dodging        | 1 4 5 |  5.0
Shields        | 4 5 7 8 10 11 12 | 12.9
Long Blades    | 3 4 5 6 9 10 | 10.0
Fighting       | 4 6 7 8 9 10 11 | 11.2
Armour         | 4 5 6 7 9 10 11 | 11.0
Evocations     | 1 2 3 5 7 |  7.2
Invocations    | 5 6 7 8 |  8.0
Crossbows      | 3 9 10 | 10.0

Action                   |  1- 3 |  4- 6 |  7- 9 | 10-12 | 13-15 || total
-------------------------+-------+-------+-------+-------+-------++-------
Melee: Long sword        |    95 |   197 |   361 |   227 |       ||   880
       Scimitar          |       |       |       |   182 |     7 ||   189
       Great sword       |       |       |       |   437 |   474 ||   911
 Fire: Arbalest          |       |       |       |    26 |   127 ||   153
Throw: Stone             |    71 |    57 |       |       |       ||   128
       Boomerang         |       |       |   127 |   169 |       ||   296
       Javelin           |       |       |       |    14 |       ||    14
Invok: Heroism           |       |       |     1 |    12 |     7 ||    20
       Finesse           |       |       |       |     1 |     2 ||     3
 Abil: Dig               |       |     2 |     7 |    19 |    12 ||    40
Evoke: Wand              |       |       |     9 |    11 |       ||    20
       Sack of spiders   |       |       |     3 |       |     1 ||     4
  Use: Scroll            |     6 |     1 |     8 |    13 |     2 ||    30
       Potion            |       |     1 |     1 |       |     2 ||     4
 Stab: Distracted        |       |       |     1 |     1 |     1 ||     3
       Confused          |       |       |       |       |     1 ||     1
  Eat: Chunk             |     1 |     5 |    15 |    27 |    13 ||    61
       Ration            |       |       |       |     3 |     1 ||     4
Armor: Scale mail        |    42 |    69 |    48 |       |       ||   159
       Plate armour      |       |       |    57 |   298 |   180 ||   535
Dodge: Dodged            |    37 |    46 |    86 |   185 |   128 ||   482
Block: Shield            |    71 |    94 |   189 |   581 |   381 ||  1316
       Reflection        |       |       |       |    13 |     1 ||    14
       Rpst.: Long sword |    17 |    13 |    25 |     7 |       ||    62
       Scimitar          |       |       |       |     8 |       ||     8
       Great sword       |       |       |       |    31 |    34 ||    65

Table legend:
 A = Non-vault XP
 B = Vault XP
 C = Vault XP percentage of total XP
 D = Non-vault monster count
 E = Vault monster count
 F = Vault count percentage of total count
                 A         B        C        D         E       F
            +---------+---------+-------+---------+---------+-------
      Total |   33173 |   31706 |  48.9 |     320 |     119 |  27.1
            +---------+---------+-------+---------+---------+-------
        D:1 |      33 |       0 |   0.0 |      19 |       0 |   0.0
        D:2 |      72 |       0 |   0.0 |      21 |       0 |   0.0
        D:3 |     109 |      77 |  41.4 |      22 |      14 |  38.9
        D:4 |     215 |     436 |  67.0 |      17 |       4 |  19.0
        D:5 |     707 |       0 |   0.0 |      22 |       0 |   0.0
        D:6 |    1417 |     485 |  25.5 |      38 |       2 |   5.0
        D:7 |     477 |     629 |  56.9 |      14 |       1 |   6.7
        D:8 |    1561 |       0 |   0.0 |      20 |       0 |   0.0
        D:9 |    2055 |    2369 |  53.5 |      33 |      22 |  40.0
       D:10 |    1846 |     329 |  15.1 |      23 |       3 |  11.5
     Lair:1 |    5495 |    4148 |  43.0 |      22 |       7 |  24.1
     Lair:2 |    2054 |    3059 |  59.8 |      10 |      14 |  58.3
     Lair:3 |    5678 |    5079 |  47.2 |      25 |      18 |  41.9
     Lair:4 |   11454 |   11472 |  50.0 |      34 |      28 |  45.2
    Volcano |       0 |    3623 | 100.0 |       0 |       6 | 100.0
            +---------+---------+-------+---------+---------+-------
